Map: Эфемерон РВ

Players

Krystianer

  • Race: Protoss Protoss
  • League: Grandmaster
  • Spawn Location: 11:00

IIIIIIIIIIII - Winner!

  • Race: Protoss Protoss
  • League: Grandmaster
  • Spawn Location: 5:00

VOD

Have the link to the VOD?

Description

Time

  • Played on: Dec. 8, 2019, 12:26 p.m.
  • Length: 5:22
Show
View Real Time Build Order
Export as new Build Order

Krystianer Protoss 

Build Orders: Oracle Opening 

Get SALT Encoding   

  12  0:00  Probe  
  13  0:12  Probe  
  14  0:17  Pylon  
  14  0:24  Probe (Chrono Boost)  
  16  0:36  Probe (Chrono Boost)  
  16  0:38  Gateway  
  16  0:43  Probe (Chrono Boost)  
  16  0:46  Assimilator  
  17  0:51  Probe  
  17  0:55  Assimilator  
  18  1:03  Probe (Chrono Boost)  
  19  1:12  Gateway  
  19  1:13  Probe (Chrono Boost)  
  19  1:17  Probe (Chrono Boost)  
  21  1:26  Cybernetics Core  
  21  1:29  Probe  
  22  1:34  Pylon  
  22  1:41  Probe  
  23  1:53  Probe  
  24  2:02  Sentry, Warp Gate, Stalker  
  24  2:05  Probe  
  29  2:09  Pylon  
  29  2:17  Probe  
  31  2:30  Probe  
  31  2:36  Stargate  
  31  2:37  Stalker  
  33  2:58  Nexus  
  33  3:06  Stalker  
  33  3:12  Pylon  
  35  3:16  Oracle (Chrono Boost)  
  38  3:23  Probe  
  39  3:35  Probe (Chrono Boost)  
  40  3:47  Probe (Chrono Boost)  
  42  3:55  Probe (Chrono Boost), Stalker  
  42  3:56  Stalker  
  42  4:01  Twilight Council  
  46  4:02  Probe (Chrono Boost)  
  46  4:08  Forge  
  45  4:19  Stalker  
  45  4:21  Stalker  
  47  4:36  Probe  
  46  4:44  Stalker x2  
  48  4:49  Pylon  
  48  5:08  Stalker  
Show
View Real Time Build Order
Export as new Build Order

IIIIIIIIIIII Protoss - Winner!

Build Orders: Phoenix Opening 

Get SALT Encoding   

  12  0:00  Probe  
  13  0:12  Probe  
  14  0:16  Pylon  
  14  0:25  Probe (Chrono Boost)  
  16  0:36  Probe (Chrono Boost)  
  16  0:38  Gateway  
  16  0:41  Probe (Chrono Boost)  
  16  0:46  Assimilator  
  17  0:51  Probe  
  17  0:55  Assimilator  
  18  1:03  Probe (Chrono Boost)  
  19  1:08  Gateway  
  19  1:14  Probe (Chrono Boost)  
  20  1:19  Probe (Chrono Boost)  
  20  1:25  Cybernetics Core  
  21  1:30  Probe  
  22  1:35  Pylon  
  22  1:42  Probe  
  23  1:54  Probe  
  24  1:58  Warp Gate (Chrono Boost)  
  24  2:01  Sentry, Stalker  
  28  2:06  Probe  
  29  2:12  Pylon  
  29  2:28  Pylon  
  29  2:34  Sentry x2  
  33  2:38  Phoenix  
  33  2:44  Nexus  
  33  3:00  Stalker  
  33  3:02  Sentry  
  33  3:05  Probe  
  38  3:09  Pylon x2  
  38  3:20  Shield Battery  
  38  3:30  Probe  
  39  3:39  Stalker x4  
  39  3:42  Probe, Stalker x2  
  39  3:47  Forge  
  44  3:54  Twilight Council  
  44  3:58  Probe  
  44  4:00  Probe  
  46  4:07  Stalker  
  48  4:15  Stalker  
  51  4:17  Probe  
  51  4:21  Probe  
  51  4:51  Stalker x2  
  55  4:56  Probe x2  
  56  5:08  Probe x2  
Tags
 
Add a new tag
Caveats
  • Supply blocks, unpowered buildings, or Contaminate may cause inaccurate times.
  • Supply counts are checked every 10 seconds.